Map: Abiogenesis LE

Players

Euphoria

  • Race: Zerg Zerg
  • Spawn Location: 11:00

CinDra - Winner!

  • Race: Zerg Zerg
  • League: Silver
  • Spawn Location: 5:00

VOD

Have the link to the VOD?

Description

Time

  • Played on: Feb. 26, 2018, 3:48 p.m.
  • Length: 11:18
Show
View Real Time Build Order
Export as new Build Order

Euphoria Zerg 

Build Orders: Pool First 

Get SALT Encoding   

  12  0:02  Drone  
  13  0:26  Spawning Pool  
  12  0:30  Drone, Extractor  
  12  0:38  Drone  
  13  0:44  Drone  
  13  0:48  Overlord  
  14  1:07  Overlord  
  14  1:10  Drone  
  15  1:18  Queen  
  17  1:44  Hatchery  
  16  1:53  Queen  
  18  2:17  Overlord  
  18  2:22  Zergling x4  
  20  2:40  Zergling x8  
  24  2:44  Metabolic Boost  
  24  2:52  Lair  
  24  3:13  Drone  
  24  3:14  Drone  
  24  3:19  Extractor  
  25  3:20  Drone x3  
  25  3:21  Drone  
  25  3:26  Drone  
  30  3:30  Zergling x2  
  27  4:01  Spine Crawler  
  24  4:03  Spine Crawler  
  24  4:05  Drone x2  
  24  4:06  Zergling x2  
  24  4:07  Zergling x2  
  24  4:08  Zergling x4  
  29  4:18  Roach Warren  
  29  4:20  Drone x2  
  30  4:26  Spine Crawler  
  26  4:35  Burrow  
  20  4:46  Zergling x4  
  20  4:48  Zergling x2  
  20  4:50  Zergling x2  
  24  5:12  Zergling x6  
  24  5:13  Roach x2  
  31  5:27  Spine Crawler  
  30  5:32  Overlord  
  30  5:33  Overlord  
  30  5:54  Drone x3  
  30  5:55  Drone x2  
  35  6:11  Zergling x2  
  35  6:12  Zergling x4, Roach  
  35  6:17  Roach  
  42  6:22  Roach  
  44  6:35  Drone  
  44  6:36  Drone  
  46  6:58  Hatchery  
  35  7:27  Roach  
  35  7:28  Roach x3  
  39  7:52  Roach x2  
  43  8:03  Roach  
  43  8:04  Overlord x2  
  45  8:07  Hatchery  
  44  8:38  Queen  
  44  8:41  Overlord  
  46  8:55  Hatchery  
  45  9:22  Queen  
  45  9:23  Zergling x2  
  28  9:36  Drone  
  27  10:01  Drone x2, Extractor  
  25  10:08  Roach x3  
  25  10:09  Roach x3  
  25  10:10  Zergling x2  
  4  11:00  Ravager  
Show
View Real Time Build Order
Export as new Build Order

CinDra Zerg - Winner!

Build Orders: Hatch First 

Get SALT Encoding   

  12  0:01  Drone  
  13  0:13  Overlord  
  13  0:17  Drone  
  14  0:31  Drone x2  
  16  0:39  Drone  
  17  0:55  Hatchery  
  16  0:57  Drone  
  17  1:05  Drone  
  17  1:08  Extractor  
  17  1:18  Spawning Pool  
  17  1:21  Drone  
  17  1:24  Drone  
  18  1:28  Drone  
  19  1:40  Drone  
  20  1:51  Drone  
  21  2:07  Queen x2  
  26  2:08  Zergling x4  
  26  2:11  Overlord  
  27  2:27  Overlord  
  27  2:29  Zergling x2  
  28  2:32  Drone  
  28  2:34  Drone  
  30  2:42  Drone  
  31  2:48  Queen  
  31  2:50  Drone  
  34  2:56  Drone x2  
  36  3:06  Drone x2  
  38  3:13  Drone  
  38  3:19  Metabolic Boost  
  39  3:21  Zergling x10  
  39  3:22  Overlord  
  45  3:41  Drone x2  
  45  3:42  Drone x2  
  45  3:44  Overlord  
  45  4:05  Zergling x2  
  45  4:06  Zergling x10  
  45  4:07  Overlord  
  51  4:14  Drone  
  52  4:19  Roach Warren  
  47  4:58  Drone, Overlord x2  
  47  4:59  Drone x9  
  57  5:13  Lair  
  57  5:25  Zergling x6  
  57  5:26  Roach x4  
  57  5:27  Roach  
  57  5:28  Roach x2  
  74  5:33  Queen  
  74  5:34  Hatchery  
  75  5:49  Extractor  
  74  5:50  Roach  
  74  5:51  Roach x3  
  74  5:56  Overlord  
  82  6:09  Pneumatized Carapace  
  82  6:21  Extractor  
  81  6:27  Extractor  
  81  6:31  Drone  
  81  6:32  Drone x10  
  91  6:43  Overlord  
  81  7:22  Roach  
  81  7:23  Roach x3, Overlord x3  
  87  7:41  Glial Reconstitution  
  87  7:43  Spire  
  86  7:52  Drone  
  86  7:53  Drone x15  
  102  8:01  Zergling x4  
  102  8:02  Extractor  
  102  8:05  Extractor  
  102  8:25  Zergling x2  
  102  8:26  Zergling x22  
  114  8:29  Hatchery  
  113  8:36  Drone x3  
  116  8:47  Queen  
  118  8:53  Roach x2, Overlord x2  
  118  8:54  Overlord  
  122  8:56  Drone x5  
  127  9:06  Zerg Flyer Weapons Level 1  
  127  9:09  Evolution Chamber  
  126  9:12  Mutalisk x7, Evolution Chamber  
  133  9:32  Mutalisk x5, Extractor  
  133  9:36  Extractor  
  141  9:47  Drone x9  
  141  9:48  Drone x2  
  141  9:50  Mutalisk x2  
  156  10:07  Mutalisk  
  156  10:08  Mutalisk  
  156  10:11  Overlord x13  
Tags
 
League
Silver
Matchup
ZvZ
Race
Zerg
Spawn Locations
Cross Positions
Add a new tag
Caveats
  • Supply blocks, unpowered buildings, or Contaminate may cause inaccurate times.
  • Supply counts are checked every 10 seconds.